 Dungeon Crawl Stone Soup version 0.29.1-1-gd02db6906a (webtiles) character file.

Game seed: 9321323729568550161

51 MisterFreud the Twirler (level 4, -2/33 HPs)
             Began as a Formicid Gladiator on Sept 30, 2022.
             Slain by a goblin
             ... wielding a +0 club
             ... led by Robin
              (6 damage)
             ... on level 2 of the Dungeon.
             The game lasted 00:01:45 (1199 turns).

MisterFreud the Twirler (Formicid Gladiator)        Turns: 1199, Time: 00:01:45

Health: -2/33      AC:  3    Str: 21    XL:     4   Next: 7%
Magic:  4/4        EV: 12    Int:  7    God:
Gold:   128        SH:  6    Dex: 15    Spells: 3/3 levels left

rFire   . . .      SeeInvis +   a - +1 quarterstaff
rCold   + . .      Faith    .   g - +1 buckler
rNeg    . . .      Spirit   .   b - +0 leather armour
rPois   .          Reflect  .   (helmet unavailable)
rElec   .          Harm     .   (no cloak)
rCorr   .          Rampage  .   (no gloves)
Will    .....                   (no boots)
Stlth   +.........              (no amulet)
HPRegen 0.11/turn               j - ring of protection from cold
MPRegen 0.09/turn               (no ring)

@: no status effects
A: permanent stasis, dig shafts and tunnels, antennae 3, four strong arms
a: Dig, Shaft Self


You were on level 2 of the Dungeon.
You visited 1 branch of the dungeon, and saw 2 of its levels.

You collected 128 gold pieces.

Inventory:

Hand Weapons
 a - a +1 quarterstaff (weapon)
Missiles
 c - 3 throwing nets (quivered)
 d - a javelin
Armour
 b - a +0 leather armour (worn)
 g - a +1 buckler (worn)
Jewellery
 j - a ring of protection from cold (left hand)
Scrolls
 i - 3 scrolls of identify
Potions
 e - a potion of heal wounds {unknown}
 f - a potion of haste
 h - a potion of curing {unknown}
 k - a potion of brilliance {unknown}


   Skills:
 - Level 2.1 Fighting
 + Level 3.9 Staves
 - Level 2.0 Throwing
 - Level 2.6 Dodging
 + Level 3.0 Shields


You had 3 spell levels left.
You didn't know any spells.
Your spell library was empty.

Dungeon Overview and Level Annotations

Branches:
Dungeon (2/15)

Altars:

Annotations:
D:2 Robin


Innate Abilities, Weirdness & Mutations

You cannot be hasted, slowed, berserked, paralysed or teleported.
You can dig through walls and to a lower floor.
You have a pair of large antennae on your head. (SInv)
Your four strong arms can wield two-handed weapons with a shield.


Message History

The orc shouts!
A goblin comes into view. It is wielding a +0 club.
You block the orc's attack.
A goblin comes into view. It is wielding a +0 club.
The goblin completely misses you. Robin throws the goblin at you!
You closely miss the goblin. The orc barely misses you.
The goblin hits you with a +0 dagger. x2; You block the goblin's attack.
The goblin hits you but does no damage. The orc hits you with a +0 short sword.
You barely miss the goblin. The orc hits you but does no damage.
The goblin hits you with a +0 dagger. You block the goblin's attack.
You hit the goblin.
You kill the goblin!
The goblin hits you with a +0 dagger. The orc closely misses you.
Robin throws the goblin at you! The goblin hits you with a +0 club.
You sock the goblin!
You kill the goblin!
The orc barely misses you. The goblin hits you with a +0 club.
Robin throws the goblin at you!
You sock the goblin!
You kill the goblin!
The orc hits you but does no damage. Robin throws the goblin at you!
You block the goblin's attack.
You closely miss the goblin. The orc barely misses you.
The goblin hits you with a +0 club.
Robin roars a battlecry!
The hobgoblin goes into a battle-frenzy!
You block the goblin's attack.
You barely miss the goblin.
The goblin no longer looks unusually strong.
The orc closely misses you. The goblin completely misses you.
The goblin closely misses you.
You hit the goblin.
The goblin is moderately wounded.
The orc hits you but does no damage. The goblin misses you.
You block the goblin's attack. The orc hits you with a +0 short sword.
* * * LOW HITPOINT WARNING * * *
The goblin hits you with a +0 club.
* * * LOW HITPOINT WARNING * * *
The goblin hits you with a +0 club.
You die...

#...### ###...# #######
#...## ......# ##...## {
......# ##.:.##### ......#
#.......# { ......#
#{!.....## ......#
####.g.....# ....(.#
#g@oog.......g
......########.g##g.....#..o
#####..........# #!.....# o.
.....<######### #......# {o
####### ########


You could see Robin, 2 orcs, a hobgoblin and 3 goblins.

Vanquished Creatures
  An adder (D:2)
  A worm (D:2)
  A dart slug (D:2)
  2 orcs (D:2)
  A ball python (D:1)
  4 endoplasms
  A giant cockroach (D:1)
  2 hobgoblins (D:1)
  5 kobolds
  A quokka (D:1)
  5 bats
  2 frilled lizards
  6 goblins (D:2)
  2 rats
34 creatures vanquished.

Notes
Turn   | Place    | Note
-------+----------+-------------------------------------------
     0 | D:1      | MisterFreud the Formicid Gladiator began the quest for the
                  | Orb.
     0 | D:1      | Reached XP level 1. HP: 16/16 MP: 1/1
   151 | D:1      | Reached skill level 1 in Shields
   235 | D:1      | Reached XP level 2. HP: 22/22 MP: 2/2
   881 | D:2      | Reached XP level 3. HP: 27/27 MP: 3/3
   941 | D:2      | Found a faded altar of an unknown god.
   941 | D:2      | Noticed a neqoxec
  1185 | D:2      | Noticed Robin
  1191 | D:2      | Reached XP level 4. HP: 30/33 MP: 4/4
  1199 | D:2      | Slain by a goblin

Illustrated notes

Levels and vault maps discovered:
D:1:      psy_arrival_basics, layout_basic, roderic_serpentine_path
D:2:      layout_rooms, dreamdust_ecumenical_altar_sealed_demon,
          chequers_serial_rivers_micro_e, uniq_robin

Skill      XL: |  1  2  3 |
---------------+----------+-----
Shields        | 1 2 3 |  3.0
Fighting       | |  2.1
Staves         | |  3.9
Throwing       | |  2.0
Dodging        | |  2.6

Action                   |  1- 3 |  4- 6 || total
-------------------------+-------+-------++-------
Melee: Quarterstaff      |    60 |     9 ||    69
Throw: Throwing net      |     1 |       ||     1
  Use: Scroll            |     7 |       ||     7
 Stab: Sleeping          |     1 |       ||     1
Armor: Leather armour    |     8 |     6 ||    14
Dodge: Dodged            |    30 |     9 ||    39
Block: Buckler           |    10 |     6 ||    16
